Map: Ascension to Aiur LE

Players

KingSlayer

  • Race: Protoss Protoss
  • League: Grandmaster
  • Spawn Location: 11:00

Epic - Winner!

  • Race: Terran Terran
  • League: Grandmaster
  • Spawn Location: 5:00

Event: HopeTL

VOD

https://www.youtube.com/watch?v=fIOJgj8wW98&list=PL9QsjkBYtQM7NVZEDVfaNugqO61aBOlm6&index=1

Description

Time

  • Played on: Oct. 3, 2017, 7:30 p.m.
  • Length: 6:12
Show
View Real Time Build Order
Export as new Build Order

KingSlayer Protoss 

Build Orders: 1 Gate Expand 

Get SALT Encoding   

  12  0:01  Probe (Chrono Boost)  
  13  0:11  Probe (Chrono Boost)  
  14  0:17  Pylon  
  14  0:22  Probe (Chrono Boost)  
  15  0:35  Probe (Chrono Boost)  
  16  0:37  Gateway  
  16  0:46  Probe (Chrono Boost)  
  16  0:47  Assimilator  
  17  0:56  Probe (Chrono Boost)  
  18  1:07  Probe (Chrono Boost)  
  19  1:19  Nexus  
  19  1:29  Cybernetics Core  
  19  1:32  Probe (Chrono Boost)  
  20  1:37  Assimilator  
  20  1:45  Pylon  
  20  1:51  Probe (Chrono Boost)  
  21  2:02  Probe (Chrono Boost)  
  21  2:06  Adept (Chrono Boost)  
  24  2:13  Warp Gate (Chrono Boost)  
  24  2:19  Mothership Core (Chrono Boost)  
  26  2:24  Pylon  
  26  2:26  Pylon  
  26  2:30  Adept (Chrono Boost)  
  28  2:57  Probe x2 (Chrono Boost)  
  30  3:02  Gateway x2  
  30  3:08  Probe x2 (Chrono Boost)  
  30  3:09  Adept  
  34  3:19  Probe x2 (Chrono Boost)  
  36  3:30  Pylon  
  36  3:32  Pylon  
  36  3:53  Pylon  
  36  4:00  Gateway  
  36  4:15  Stalker x2  
  36  4:16  Stalker  
  42  4:21  Probe  
  40  4:44  Stalker x3  
  40  5:07  Pylon  
  40  5:10  Stalker x2  
  44  5:26  Stalker x2  
  48  5:28  Pylon  
  48  5:31  Pylon  
  48  5:35  Stalker x2  
  48  5:50  Sentry x2  
  52  5:59  Stalker x2  
Show
View Real Time Build Order
Export as new Build Order

Epic Terran - Winner!

Build Orders: Cyclone Opening 

Get SALT Encoding   

  12  0:00  SCV  
  13  0:12  SCV  
  14  0:17  Supply Depot  
  14  0:24  SCV  
  14  0:27  Refinery  
  15  0:38  SCV  
  16  0:44  Barracks  
  16  0:50  SCV  
  17  1:02  SCV  
  18  1:15  SCV  
  19  1:31  Factory, Marine  
  19  1:32  Orbital Command  
  20  1:42  Supply Depot  
  20  1:49  Marine  
  21  1:57  SCV  
  22  2:07  Marine  
  23  2:10  SCV  
  24  2:16  Cyclone  
  24  2:17  Supply Depot  
  24  2:22  SCV  
  28  2:24  Marine  
  29  2:32  Bunker  
  29  2:34  SCV  
  30  2:43  Marine  
  30  2:45  Supply Depot  
  30  2:46  SCV  
  30  2:48  Cyclone  
  34  2:59  SCV  
  34  3:03  Marine  
  36  3:14  SCV  
  37  3:20  Command Center  
  37  3:28  Cyclone  
  37  3:31  SCV  
  41  3:39  Engineering Bay  
  41  3:42  Barracks Reactor  
  41  3:45  SCV  
  42  3:49  Supply Depot  
  40  3:59  Barracks  
  40  4:03  Barracks, SCV  
  41  4:10  Missile Turret  
  41  4:16  SCV  
  42  4:18  Marine x2  
  44  4:30  SCV  
  45  4:31  Widow Mine  
  45  4:33  Orbital Command  
  45  4:36  Bunker  
  44  4:40  Refinery  
  44  4:42  Marine  
  44  4:45  Marine  
  46  4:49  Barracks Tech Lab  
  46  4:59  SCV x2  
  36  5:10  Bunker  
  36  5:13  Marine x3  
  36  5:14  Marine  
  39  5:20  SCV x2  
  42  5:25  Starport  
  42  5:30  Marine  
  42  5:31  Marine x2  
  42  5:33  Marauder  
  47  5:41  SCV x2  
  49  5:45  Supply Depot  
  49  5:49  Marine x3  
Tags
 
Add a new tag
Caveats
  • Supply blocks, unpowered buildings, or Contaminate may cause inaccurate times.
  • Supply counts are checked every 10 seconds.